 Dungeon Crawl Stone Soup version 0.29.1-12-g30fa7ad0bf (webtiles) character file.

Game seed: 16045775214897997253

6228 H0rd4k the Thaumaturge (level 10, -6/69 HPs)
             Began as an Octopode Artificer on Dec 15, 2022.
             Was an Initiate of Gozag.
             Mangled by Urug
             ... wielding a +7 double sword
              (23 damage)
             ... on level 10 of the Dungeon.
             The game lasted 00:18:07 (17348 turns).

H0rd4k the Thaumaturge (Octopode Artificer)        Turns: 17348, Time: 00:18:08

Health: -6/69      AC:  1    Str: 12    XL:     10   Next: 92%
Magic:  0/32       EV: 13    Int: 17    God:    Gozag
Gold:   1475       SH:  0    Dex: 13    Spells: 26/28 levels left

rFire   . . .      SeeInvis .     - Unarmed
rCold   . . .      Faith    .   (no shield)
rNeg    . . .      Spirit   +   (helmet restricted)
rPois   +          Reflect  .   o - amulet of guardian spirit
rElec   .          Harm     .   i - ring of magical power
rCorr   .          Rampage  .   d - ring of poison resistance
Will    .....                   (no ring)
Stlth   +++.......              (no ring)
HPRegen 0.21/turn               (no ring)
MPRegen 0.23/turn               (no ring)
                                (no ring)
                                (no ring)

@: no status effects
A: almost no armour, amphibious, 8 rings, camouflage 1, gelatinous body 1,
(nimble swimmer 1), tentacles
a: Renounce Religion, Potion Petition, Call Merchant, Bribe Branch


You were on level 10 of the Dungeon.
You worshipped Gozag.
Gozag was most pleased with you.
You visited 2 branches of the dungeon, and saw 11 of its levels.

You collected 1587 gold pieces.
You paid 112 gold pieces to Gozag.

Inventory:

Missiles
 f - 8 poisoned darts
Jewellery
 d - a ring of poison resistance (right tentacle)
 i - a ring of magical power (left tentacle)
 o - an amulet of guardian spirit (around mantle)
Wands
 b - a wand of flame (16)
 c - a wand of roots (7)
 r - a wand of light (16)
Scrolls
 a - 2 scrolls of fear
 h - a scroll of blinking {unknown}
 j - 4 scrolls of immolation
 k - 3 scrolls of teleportation
 l - 4 scrolls of amnesia
 u - 3 scrolls of poison
 x - 2 scrolls of enchant weapon
 y - a scroll of summoning
 z - 2 scrolls of fog
 B - a scroll of magic mapping
 D - 3 scrolls of enchant armour
Potions
 e - 6 potions of curing
 g - 2 potions of heal wounds
 m - 3 potions of mutation {unknown}
 p - 3 potions of might
 q - a potion of ambrosia {unknown}
 s - 2 potions of lignification {unknown}
 t - a potion of cancellation {unknown}
 v - 2 potions of brilliance
 C - a potion of haste {unknown}
 E - a potion of invisibility {unknown}
 F - a potion of flight {unknown}


   Skills:
 * Level 6.4 Fighting
 - Level 2.3 Dodging
 - Level 1.3 Stealth
 + Level 5.3 Unarmed Combat
 * Level 9.8 Spellcasting
 + Level 6.6 Air Magic
 - Level 6.2 Poison Magic
 - Level 3.2 Evocations


You had 26 spell levels left.
You knew the following spells:

 Your Spells              Type           Power      Damage    Failure   Level
a - Poisonous Vapours     Pois/Air       60%        N/A       1%          2

Your spell library contained the following spells:

 Spells                   Type           Power      Damage    Failure   Level
 Necrotise                Necr           32%        1d5       9%          1
 Ignite Poison            Fire/Tmut/Pois 15%        N/A       11%         3
 Sublimation of Blood     Necr           8%         N/A       13%         2
 Wereblood                Tmut           8%         N/A       13%         2
 Conjure Flame            Conj/Fire      8%         6-21      26%         3
 Gell's Gravitas          Tloc           8%         N/A       26%         3
 Lesser Beckoning         Tloc           8%         N/A       26%         3
 Teleport Other           Tloc           8%         N/A       26%         3
 Vampiric Draining        Necr           8%         2d6       26%         3
 Sticky Flame             Conj/Fire      8%         2d3       65%         4
 Agony                    Necr           8%         N/A       94%         5
 Haunt                    Necr/Summ      4%         N/A       100%        7
 Summon Hydra             Summ           4%         N/A       100%        7
 Infestation              Necr           4%         N/A       100%        8
 Corpse Rot               Necr/Pois/Air  Unusable   N/A       N/A         4
 Animate Dead             Necr           Unusable   N/A       N/A         4

Dungeon Overview and Level Annotations

Branches:
Dungeon (10/15)            Temple (1/1) D:5
   Lair: D:8-11         Orc: D:9-12

Altars:
Dithmenos
Elyvilon
Fedhas
Gozag
Makhleb
Nemelex Xobeh
Okawaru
Qazlal
Ru
Sif Muna
Trog
Uskayaw
Vehumet
Wu Jian
Xom
Yredelemnul
Zin
The Shining One

Shops:
D:7 !!   D:8 :

Annotations:
D:7 1 runed translucent door, Voland's ghost, novice MfTm
D:8 exclusion: 2 downstairs
D:9 exclusion: downstairs
D:10 Urug


Innate Abilities, Weirdness & Mutations

You cannot wear most types of armour.
You are amphibious.
You can wear up to eight rings at the same time.
Your skin changes colour to match your surroundings (Stealth+).
Your rubbery body absorbs attacks. (AC +1, EV +1)
((You are camouflaged when in or above water. (Stealth+)))
You have tentacles for arms and can constrict up to eight enemies at once.


Message History

Aiming: Bolt of Light
Press: ? - help, Shift-Dir - straight line, f/p - Urug
Aim: Urug, wielding a +7 double sword, wearing a +0 scale mail of poison resistance, quivering javelins and carrying a wand of digging (8) (moderately wounded, 67% to hit)
The bolt of light hits Urug!
Urug is heavily wounded.
Urug is blinded.
Urug throws a javelin.
The javelin pierces through you! Urug closely misses you.
You strike the helpless Urug from behind!
You tentacle-slap Urug. Your grab misses Urug. You squeeze Urug.
Urug is heavily wounded.
You tentacle-slap Urug but do no damage.
You grab Urug.
Urug is heavily wounded.
You constrict Urug, but do no damage. Urug barely misses you.
You barely miss Urug. You squeeze Urug, but do no damage.
Urug is heavily wounded.
You constrict Urug, but do no damage. Urug hits you with a +7 double sword!!
You tentacle-slap Urug. You squeeze Urug, but do no damage.
Urug is heavily wounded.
You constrict Urug, but do no damage.
Urug grins and says, "Time to carve some turkeys."
Urug hits you with a +7 double sword!
You strike the helpless Urug from behind!
You tentacle-slap Urug but do no damage.
You squeeze Urug, but do no damage.
Urug is heavily wounded.
You constrict Urug. Urug hits you with a +7 double sword!!
* * * LOW HITPOINT WARNING * * *
Okay, then.
You release your grip on Urug.
Urug is no longer blind.
Aiming: Bolt of Light
Press: ? - help, Shift-Dir - straight line, f/p - Urug
Aim: Urug, wielding a +7 double sword, wearing a +0 scale mail of poison resistance, quivering javelins and carrying a wand of digging (8) (severely wounded, 67% to hit)
The bolt of light hits Urug!
Urug is almost dead.
Urug is blinded.
The bolt of light hits the vampire!
The vampire is moderately damaged.
The vampire is blinded.
Urug hits you with a +7 double sword!!
You die...
Your body crumbles into a pile of gold.

.# #................#.....
.# #.##......#..#...#...#
####.#......<............
'....#.......#.......####..
######.......+.#.#'#.......
.............###...........
.....#.....#.# #V#.........
.............# #o#.#..###+#
.....#.⌠.⌠.#.# #@#.#..#
.............# #.#.#$.#
.....#.....#.....#.#..#
.....(.._....#####.#...
.....#.....#.+ ....##>
...#.........#
.....#.⌠.⌠.#.#
.............#
.....#.....#.#


You could see Urug (blind) and a vampire (blind).

Vanquished Creatures
  A kobold demonologist (D:10)
  8 yaks
  A steam dragon (D:7)
  Edmund (D:6)
  An acid dragon (D:9)
  2 water moccasins
  3 orc warriors
  A black bear (D:4)
  2 ice beasts
  2 ogres (D:5)
  3 centaurs
  2 kobold brigands
  6 bullfrogs
  A necrophage (D:4)
  A gnoll sergeant (D:7)
  A scorpion (D:6)
  4 wights
  15 killer bees
  4 howler monkeys
  An electric eel (D:8)
  A crimson imp (D:7)
  2 jellies
  5 orc priests
  2 hounds
  2 gnoll boudas
  5 orc wizards
  An iguana (D:5)
  Natasha (thrice) (D:3)
  17 gnolls
  4 adders
  A white imp (D:6)
  An ufetubus (D:6)
  2 adder skeletons (D:2)
  3 dart slugs
  21 orcs
  5 endoplasms
  4 giant cockroaches
  7 goblins
  6 hobgoblins
  3 jackals (D:1)
  6 quokkas
  8 ball pythons
  8 bats
  3 frilled lizards (D:2)
  2 jackal zombies (D:2)
  19 kobolds
  4 rats
205 creatures vanquished.

Vanquished Creatures (collateral kills)
  Prince Ribbit (D:8)
  A centaur (D:8)
  3 wights
  2 killer bees
  A howler monkey (D:8)
  An orc priest (D:7)
  An orc wizard (D:8)
  2 gnolls
  An orc (D:7)
13 creatures vanquished.

Vanquished Creatures (others)
  A water moccasin (D:7)
  5 killer bees
  3 gnolls
  31 plants (D:8)
40 creatures vanquished.

Grand Total: 258 creatures vanquished

Notes
Turn   | Place    | Note
-------+----------+-------------------------------------------
     0 | D:1      | H0rd4k the Octopode Artificer began the quest for the Orb.
     0 | D:1      | Reached XP level 1. HP: 13/13 MP: 1/1
   661 | D:1      | Reached XP level 2. HP: 15/18 MP: 1/3
   884 | D:1      | Reached skill level 1 in Spellcasting
  1333 | D:1      | Reached XP level 3. HP: 21/24 MP: 4/4
  1609 | D:1      | Reached skill level 1 in Unarmed Combat
  2055 | D:2      | Reached XP level 4. HP: 28/30 MP: 6/6
  2779 | D:2      | Learned a level 2 spell: Poisonous Vapours
  2950 | D:3      | Noticed Natasha
  2952 | D:3      | Killed Natasha
  2990 | D:3      | Reached skill level 2 in Spellcasting
  3088 | D:3      | Noticed Natasha
  3102 | D:3      | Killed Natasha
  3103 | D:3      | Reached XP level 5. HP: 13/35 MP: 8/8
  3344 | D:3      | Reached skill level 1 in Poison Magic
  3637 | D:3      | Noticed Natasha
  3652 | D:3      | Killed Natasha
  4392 | D:4      | Reached XP level 6. HP: 28/42 MP: 9/9
  4784 | D:4      | Noticed a black bear
  4852 | D:4      | Killed a black bear
  5240 | D:4      | Reached skill level 3 in Spellcasting
  5240 | D:4      | Reached skill level 1 in Air Magic
  5240 | D:4      | Reached XP level 7. HP: 42/46 MP: 11/11
  6081 | D:5      | Entered Level 5 of the Dungeon
  6081 | D:5      | Found a staircase to the Ecumenical Temple.
  6101 | Temple   | Entered the Ecumenical Temple
  6227 | Temple   | Became a worshipper of Gozag Ym Sagoz the Greedy
  6265 | D:5      | Found a stormy altar of Qazlal.
  6623 | D:5      | Found a sacrificial altar of Ru.
  6636 | D:5      | Reached skill level 4 in Spellcasting
  6766 | D:5      | Identified the +1 robe "Duruusoha" {Int+6}
  7186 | D:6      | Reached XP level 8. HP: 30/54 MP: 7/14
  7958 | D:6      | Noticed Edmund
  7974 | D:6      | Killed Edmund
  7975 | D:6      | Reached skill level 5 in Spellcasting
  8719 | D:6      | Reached skill level 5 in Poison Magic
  9128 | D:7      | Reached skill level 6 in Spellcasting
  9128 | D:7      | Reached XP level 9. HP: 56/59 MP: 18/18
  9800 | D:7      | Found a shimmering blue altar of Sif Muna.
 10017 | D:7      | Reached skill level 5 in Fighting
 10085 | D:7      | Found a burning altar of Makhleb.
 10085 | D:7      | Found a shimmering altar of Xom.
 10840 | D:7      | Found Jianieno's Distillery.
 10919 | D:7      | Found an iron altar of Okawaru.
 10938 | D:7      | Reached skill level 7 in Spellcasting
 11035 | D:7      | Found a bloodstained altar of Trog.
 11443 | D:7      | Found a runed translucent door.
 11448 | D:7      | Noticed Voland's ghost (novice MfTm)
 11453 | D:7      | Found Agauwag's Distillery.
 12071 | D:8      | Found Hudghec's Tremendous Tomes.
 12148 | D:8      | Reached skill level 5 in Air Magic
 12148 | D:8      | Reached XP level 10. HP: 13/68 MP: 2/21
 12149 | D:8      | Reached skill level 5 in Unarmed Combat
 12149 | D:8      | Reached skill level 8 in Spellcasting
 13476 | D:8      | Noticed Prince Ribbit
 13496 | D:8      | Killed Prince Ribbit
 14379 | D:8      | Reached skill level 9 in Spellcasting
 15503 | D:9      | Found a shadowy altar of Dithmenos.
 15695 | D:9      | HP: 2/68 [yak (13)]
 16885 | D:10     | Entered Level 10 of the Dungeon
 16885 | D:10     | Found a white marble altar of Elyvilon.
 16961 | D:10     | Noticed a kobold demonologist
 16962 | D:10     | Noticed Urug
 17140 | D:10     | Noticed an orange demon
 17144 | D:10     | Noticed a sun demon
 17152 | D:10     | Killed a kobold demonologist
 17348 | D:10     | Mangled by Urug

Illustrated notes

Levels and vault maps discovered:
D:1:      giann_forest_graveyard, layout_basic, nicolae_eternal_life
D:2:      layout_rooms, serial_undead, serial_undead_d, serial_undead_c,
          serial_undead_d, serial_undead_e,
          dreamdust_ecumenical_altar_hidden_monk_grotto, minmay_domino_4
D:3:      layout_rooms, uniq_natasha
D:4:      layout_basic
D:5:      layout_rooms, lemuel_coloured_pillars_altar, grunt_qazlal_clouds,
          minmay_temple_entry_stoned_glass
D:6:      layout_loops_ring, uniq_edmund
D:7:      layout_cave_pools, grunt_temple_overflow_bloody_war,
          grunt_temple_overflow_champion_of_chaos, mainiacjoe_overflow_paths,
          ebering_ghost_reflecting_pool, serial_gnoll_camp,
          gnoll_camp_mini_shop, gnoll_camp_mini_hut, gnoll_camp_mini_shop,
          gnoll_camp_mini_hut
D:8:      layout_loops_ring, nicolae_shop_i_like_big_books,
          serial_bayou_lagoon_a, grunt_ministairs_6, uniq_prince_ribbit1
D:9:      layout_cave_pods, lemuel_round_altar
D:10:     layout_basic, cheibrodos_worm_habitat, elyvilon_altar_5, uniq_urug,
          uniq_erica, uniq_nergalle
Temple:   nicolae_temple_hex_pool

Skill      XL: |  1  2  3  4  5  6  7  8  9 10 |
---------------+-------------------------------+-----
Spellcasting   | 1 2 3 4 6 7 9 |  9.8
Fighting       | 2 3 4 5 6 |  6.4
Unarmed Combat | 1 2 3 4 5 |  5.3
Poison Magic   | 1 2 3 5 6 |  6.2
Air Magic      | 1 2 3 5 6 |  6.6
Dodging        | |  2.3
Stealth        | |  1.3
Evocations     | |  3.2

Action                   |  1- 3 |  4- 6 |  7- 9 | 10-12 || total
-------------------------+-------+-------+-------+-------++-------
Melee: Unarmed           |   116 |   101 |   129 |    72 ||   418
       Tentacles         |    27 |    22 |    36 |    18 ||   103
       Constrict         |    31 |    23 |    29 |     9 ||    92
       Punch             |     3 |     2 |     5 |     1 ||    11
 Cast: Poisonous Vapours |       |    19 |   191 |   125 ||   335
Evoke: Wand              |       |     7 |    25 |    28 ||    60
  Use: Potion            |       |     1 |     3 |       ||     4
       Scroll            |       |       |     4 |    11 ||    15
 Stab: Sleeping          |    13 |     6 |     1 |       ||    20
       Distracted        |     1 |       |     1 |       ||     2
       Invisible         |       |       |       |     2 ||     2
Armor: Skin              |     9 |     5 |     5 |     6 ||    25
Dodge: Dodged            |    91 |    60 |   115 |    78 ||   344
